AoeStats
← Jujubignol

Glade

510371199Analyzed
1v1 RM · 18h ago on Sep 30, 2026· 30m 37s· 2 players
Game mode
Random Map
Map size
Tiny (2 player)
Population
200
Speed
Normal
Resources
Standard
Victory
Conquest
Starting age
Dark Age
Ending age
Imperial Age
RankedLock teamsTeams togetherTeam positionsShared explorationLock speedFull tech treeHidden civsTurbo modeCheats
Victory
Defeat
🇩🇪 Maya · Germany
983
+14
🇫🇷 Franks · France
949
-41
Jujubignol
0:49 Loom
11:34 Feudal Age
12:25 Double-Bit Axe
14:29 Wheelbarrow
16:42 Scale Barding Armor
16:33 Gold Mining
17:54 Forging
21:30 Town Watch
25:09 Castle Age
23:58 Padded Archer Armor
23:49 Fletching
24:41 Stone Mining
25:43 Elite Skirmisher
26:24 Bodkin Arrow
26:45 Leather Archer Armor
27:03 Bow Saw
26:59 Husbandry
29:38 Chain Barding Armor
Tonio
0:30 Loom
9:57 Feudal Age
16:30 Double-Bit Axe
16:25 Horse Collar
19:12 Castle Age
17:21 Double-Bit Axe
17:35 Horse Collar
17:51 Gold Mining
18:19 Fletching
20:03 Wheelbarrow
19:37 Padded Archer Armor
20:09 Bodkin Arrow
20:53 Bow Saw
22:05 Heavy Plow
22:01 Crossbowman
24:54 Hand Cart
26:21 Pikeman
29:49 Squires
31:32 Ballistics
Connection lost

Rejoining the realm…

Still unreachable

The connection could not be restored.

Session expired

The server has moved on; the page needs a fresh start.